[Event "Tata Steel-B 80th"]
[Site "Wijk aan Zee"]
[Date "2018.01.24"]
[Round "10"]
[White "Korobov, Anton"]
[Black "L'Ami, Erwin"]
[Result "1/2-1/2"]
[ECO "D34"]
[WhiteElo "2652"]
[BlackElo "2634"]
[Annotator "ChessBase II"]
[PlyCount "43"]
[EventDate "2018.01.13"]
[EventType "tourn"]
[EventRounds "13"]
[EventCountry "NED"]
[EventCategory "15"]
[SourceTitle "CBM 183"]
[Source "ChessBase"]
[SourceDate "2018.03.14"]
[SourceVersion "1"]
[SourceVersionDate "2018.03.14"]
[SourceQuality "1"]
[TimeControl "40/6000+30:20/3000+30:900+30"]

1. Nf3 d5 2. c4 e6 3. g3 c5 4. cxd5 exd5 5. Bg2 Nc6 6. d4 Nf6 7. O-O Be7 8. Nc3 O-O 9. dxc5 Bxc5 10. a3 Ne4 (10... Re8 11. b4 Bb6 12. Bb2 Bg4 13. Rc1 h6 14. Na4 Qe7 15. Nxb6 axb6 16. Re1 Rad8 17. Qd3 Bxf3 18. Qxf3 Ne5 19. Qf4 Nc4 20. Bxf6 Qxf6 21. Qxf6 gxf6 22. Bxd5 Nxa3 23. Bxb7 Rd2 24. Rc6 Kg7 25. e3 Red8 26. Rec1 Rb2 27. R6c3 Ra2 28. Be4 Rdd2 29. Rd3 Rxd3 30. Bxd3 Rb2 31. Rc3 Nb1 32. Rc4 Na3 33. Rg4+ Kf8 34. Rd4 Kg7 35. Kg2 Rb3 36. h4 Rb2 37. h5 Rd2 38. Kf1 Rb2 39. Ke1 Nb1 40. Rd7 {Bacrot,E (2692)-Berelowitsch,A (2521) Germany 2016 1-0}) 11. Qxd5 Nxc3 12. Qxc5 Nxe2+ 13. Kh1 Nxc1 14. Raxc1 Qf6 15. b4 Bg4 16. Qc3 Qxc3 17. Rxc3 Rad8 $146 (17... Rfd8 18. h3 Bd7 19. Rfc1 h6 20. Kh2 Be6 21. b5 Na5 22. g4 Rd5 23. Bf1 g6 24. Kg3 Kg7 25. Be2 Rad8 26. Re3 Rc8 27. Rxc8 Bxc8 28. Rc3 Bd7 29. Rd3 Rxd3 30. Bxd3 {½-½ (30) Rydholm,L (2523)-Kerr,S (2481) ICCF email 2014}) ({RR} 17... Rfd8 18. Rfc1 h6 19. b5 Na5 20. Ne5 Be6 21. Rc7 Rd2 22. Kg1 Rad8 23. Bf3 Ra2 24. Re7 Nb3 25. Re1 Nd4 26. Bxb7 Kf8 27. Rc7 Nxb5 28. Rc5 Nd6 29. Bd5 Rxa3 30. Bxe6 fxe6 31. Rc7 Nb5 32. Rb7 {Latorre Lopez Moreira,L (2277)-Mastrovasilis,A (2526) Tromsoe 2014 ½-½ (46)}) ({RR} 17... Rfd8 18. Rfc1 h6 19. b5 Na5 20. Ne5 Be6 21. Rc7 Rd2 22. Kg1 Rad8 23. Bf3 Ra2 24. Re7 Nb3 25. Re1 Nd4 26. Bxb7 Kf8 27. Rc7 Nxb5 28. Rc5 Nd6 29. Bd5 Rxa3 30. Bxe6 fxe6 31. Rc7 Nb5 32. Rb7 {Latorre Lopez Moreira,L (2277)-Mastrovasilis,A (2526) Tromsoe 2014 ½-½ (46)}) 18. Re1 Rd7 19. b5 Bxf3 20. Bxf3 Nd4 21. Rd1 b6 22. a4 1/2-1/2